 Dungeon Crawl Stone Soup version 0.28.0-53-g5a82cb258f (webtiles) character file.

Game seed: 456347827553653

5 MiltankisOP the Skirmisher (level 1, 0/14 HPs)
             Began as a Gargoyle Fighter on June 14, 2022.
             Slain by a kobold
             ... wielding a +0 mace
              (3 damage)
             ... on level 1 of the Dungeon.
             The game lasted 00:00:17 (72 turns).

MiltankisOP the Skirmisher (Gargoyle Fighter)         Turns: 72, Time: 00:00:18

Health: 0/14       AC:  9    Str: 19    XL:     1   Next: 80%
Magic:  1/1        EV:  9    Int:  8    God:
Gold:   13         SH:  4    Dex:  9    Spells: 0/0 levels left

rFire   . . .      SeeInvis .   a - +0 flail
rCold   . . .      Faith    .   c - +0 buckler
rNeg    + . .      Spirit   .   b - +0 scale mail
rPois   ∞          Reflect  .   (no helmet)
rElec   +          Harm     .   (no cloak)
rCorr   .          Rampage  .   (no gloves)
Will    .....                   (no boots)
Stlth   ..........              (no amulet)
HPRegen 0.04/turn               (no ring)
MPRegen 0.07/turn               (no ring)

@: no status effects
A: sickness immunity, AC +2, negative energy resistance 1, electricity
resistance, torment resistance 1, petrification resistance
a: no special abilities


You were on level 1 of the Dungeon.
You visited 1 branch of the dungeon, and saw 1 of its levels.

You collected 13 gold pieces.

Inventory:

Hand Weapons
 a - a +0 flail (weapon)
Missiles
 e - 2 throwing nets (quivered)
Armour
 b - a +0 scale mail (worn)
 c - a +0 buckler (worn)
Potions
 d - a potion of might


   Skills:
 + Level 3.5 Fighting
 + Level 2.2 Maces & Flails
 - Level 3.2 Armour
 - Level 3.2 Shields


You couldn't memorise any spells.
You didn't know any spells.
Your spell library contained the following spells:

 Spells                   Type           Power      Damage    Failure   Level
 Magic Dart               Conj           0%         1d3       86%         1
 Searing Ray              Conj           0%         2d4       95%         2
 Fulminant Prism          Conj/Hex       0%         3d6       100%        4


Dungeon Overview and Level Annotations

Branches:
Dungeon (1/15)

Altars:


Innate Abilities, Weirdness & Mutations

You are immune to sickness and miasma.
Your stone body is resilient. (AC +2)
You are immune to poison.
You resist negative energy. (rN+)
You are resistant to electric shocks. (rElec)
You are resistant to unholy torment.
You are immune to petrification.


Message History

The jackal bites you but does no damage.
A hobgoblin comes into view.
Found a ring mail.
The hobgoblin shouts!
The hobgoblin moves out of view.
You block the jackal's attack.
You closely miss the jackal. The jackal bites you.
The jackal bites you but does no damage.
You closely miss the jackal.
The jackal bites you but does no damage.
An endoplasm comes into view.
You block the jackal's attack.
The endoplasm quivers.
You hit the jackal.
The jackal is heavily wounded.
The jackal bites you but does no damage.
The jackal barely misses you.
You hit the jackal.
You kill the jackal!
The jackal misses you.
You hit the jackal but do no damage.
The jackal bites you but does no damage.
The jackal closely misses you.
You hit the jackal.
The jackal is severely wounded.
The jackal bites you but does no damage. x2
You closely miss the jackal.
The jackal is heavily wounded.
The jackal closely misses you. You block the jackal's attack.
You thump the jackal!
You kill the jackal!
The jackal barely misses you.
You hit the jackal.
You kill the jackal!
The kobold throws a stone.
The stone closely misses you. The kobold hits you with a +0 mace.
* * * LOW HITPOINT WARNING * * *
You miss the kobold. The kobold barely misses you.
The kobold hits you with a +0 mace.
You die...

......8.. +⌠<⌠++..8.#
#....)..####⌠####...#
#.....†##..#+#..##..####
#..#.........#.....+
#.?K.##...##....####
#...h#...###....#
####hh.#K.##.####
######h##.# #.h#@#
##.#K# #.gJ# ##..# #..#
#..# [.># ##.. +...


You could see an endoplasm, a hobgoblin and a kobold.

Vanquished Creatures
  4 jackals (D:1)
4 creatures vanquished.

Notes
Turn   | Place    | Note
-------+----------+-------------------------------------------
     0 | D:1      | MiltankisOP the Gargoyle Fighter began the quest for the
                  | Orb.
     0 | D:1      | Reached XP level 1. HP: 14/14 MP: 1/1
    72 | D:1      | Slain by a kobold

Illustrated notes

Levels and vault maps discovered:
D:1:      grunt_arrival_crossed_arrows, layout_basic, basic_ecumenical_altar

Action                   || total
-------------------------++-------
Melee: Flail             ||    17
Armor: Scale mail        ||    27
Dodge: Dodged            ||    16
Block: Buckler           ||    10
